 Dungeon Crawl Stone Soup version 0.27-a0-1147-gb3d8e82157 (webtiles) character file.

Game seed: 6597761045675738364

143 freelancePsychic the Magician (level 5, 0/43 HPs)
             Began as a Gnoll Wanderer on May 11, 2021.
             Was a Believer of Zin.
             Slain by a hornet (2 damage)
             ... on level 4 of the Dungeon.
             The game lasted 00:06:22 (3081 turns).

freelancePsychic the Magician (Gnoll Wanderer)      Turns: 3081, Time: 00:06:23

Health: 0/43       AC:  6    Str: 14    XL:     5   Next: 25%
Magic:  10/12      EV:  9    Int: 12    God:    Zin [**....]
Gold:   95         SH:  0    Dex: 12    Spells: 14/14 levels left

rFire    . . .     SeeInvis +   a - +2 quarterstaff
rCold    . . .     Faith    .   (shield currently unavailable)
rNeg     . . .     Spirit   .   i - +0 scale mail
rPois    ∞         Reflect  .   (no helmet)
rElec    .         Harm     .   (no cloak)
rCorr    .         Rampage  .   (no gloves)
Will     .....                  (no boots)
Stlth    ..........             (no amulet)
HPRegen  0.14/turn              h - ring of see invisible
MPRegen  0.13/turn              (no ring)

@: lethally poisoned (0 -> 0), vitalised, hasted, very quick
A: fangs 1, strong nose, distributed training
a: Renounce Religion, Recite, Vitalisation, Donate Gold


You were on level 4 of the Dungeon.
You worshipped Zin.
Zin was pleased with you.
You visited 1 branch of the dungeon, and saw 4 of its levels.

You collected 105 gold pieces.
You donated 10 gold pieces to Zin.

Inventory:

Hand Weapons
 a - a +2 quarterstaff (weapon)
 b - a +0 spear
Armour
 d - a +0 robe
 i - a +0 scale mail (worn)
Jewellery
 h - a ring of see invisible (left hand)
Scrolls
 f - 2 scrolls of identify {@r1}
Potions
 c - a potion of lignification
 g - a potion of mutation {unknown}
 j - a potion of resistance {unknown}
 k - a potion of degeneration {unknown}
 m - a potion of attraction {unknown}


   Skills:
 + Level 4.7 Fighting
 + Level 1.4 Short Blades
 + Level 1.4 Long Blades
 + Level 1.4 Axes
 + Level 1.4 Maces & Flails
 + Level 1.4 Polearms
 + Level 2.9 Staves
 + Level 1.4 Slings
 + Level 1.4 Bows
 + Level 1.4 Crossbows
 + Level 2.9 Throwing
 + Level 1.4 Armour
 + Level 1.4 Dodging
 + Level 1.4 Stealth
 + Level 1.4 Shields
 + Level 1.4 Unarmed Combat
 + Level 5.2 Spellcasting
 + Level 1.1 Conjurations
 + Level 1.1 Hexes
 + Level 3.9 Summonings
 + Level 1.1 Necromancy
 + Level 1.1 Translocations
 + Level 1.1 Transmutations
 + Level 1.1 Fire Magic
 + Level 1.1 Ice Magic
 + Level 1.1 Air Magic
 + Level 2.3 Earth Magic
 + Level 1.1 Poison Magic
 + Level 1.6 Invocations
 + Level 2.9 Evocations


You had 14 spell levels left.
You didn't know any spells.
Your spell library was empty.

Dungeon Overview and Level Annotations

Branches:
Dungeon (4/15)
 Temple: D:4-7

Altars:
Zin


Innate Abilities, Weirdness & Mutations

You have very sharp teeth.
Your uncanny sense of smell can sniff out nearby items.
Your experience applies equally to all skills.


Message History

No target in view!
No target in view!
No target in view!
No target in view!
No target in view!
No target in view!
No target in view!
No target in view!
No target in view!
No target in view!
No target in view!
No target in view!
No target in view!
A hornet comes into view.
The hornet buzzes angrily.
You see here a ball python corpse.
You don't know any spells.
You feel yourself speed up. The hornet stings you!
You suddenly lose the ability to move!
The hornet stings you but does no damage.
You can move again.
You hit the hornet but do no damage. The hornet stings you.
You feel yourself slow down. The hornet stings you!
* * * LOW HITPOINT WARNING * * *
You are poisoned.
You feel as though you will be slow longer.
Zin grants you divine stamina. The hornet closely misses you.
You barely miss the hornet.
You feel yourself speed up. The hornet stings you.
* * * LOW HITPOINT WARNING * * *
Your divine stamina protects you from poison!
The hornet completely misses you.
You closely miss the hornet. The hornet stings you.
* * * LOW HITPOINT WARNING * * *
Your divine stamina protects you from poison!
You closely miss the hornet. The hornet stings you.
You die...

.#####....#
#.......#
......)...#
#.#######
######.†.##
#.# ##.###
#.# #...#
#.# ###.#
#.# #.# #.#
##.###.#####
#..y@.......
#.#####.####
#. .. ##. #.
..


You could see a hornet.

Vanquished Creatures
  Jessica (D:3)
  4 adders
  A worm (D:2)
  4 dart slugs
  5 endoplasms
  2 giant cockroaches
  11 hobgoblins
  4 jackals (D:3)
  6 kobolds
  4 quokkas
  5 ball pythons
  5 bats
  7 frilled lizards
  5 goblins
  2 rats
66 creatures vanquished.

Notes
Turn   | Place    | Note
-------+----------+-------------------------------------------
     0 | D:1      | freelancePsychic the Gnoll Wanderer began the quest for the
                  | Orb.
     0 | D:1      | freelancePsychic set off with the following items: a +2
                  | quarterstaff, a +0 spear, a potion of lignification, a +0
                  | robe
     0 | D:1      | Reached XP level 1. HP: 20/20 MP: 6/6
    39 | D:1      | Found a faded altar of an unknown god.
    77 | D:1      | Became a worshipper of Zin the Law-Giver
    77 | D:1      | Reached * piety under Zin
   219 | D:1      | Reached XP level 2. HP: 18/26 MP: 7/7
  1101 | D:2      | Reached XP level 3. HP: 9/31 MP: 9/9
  1168 | D:2      | Reached skill level 5 in Spellcasting
  1576 | D:2      | Reached skill level 1 in Invocations
  1838 | D:2      | Reached skill level 1 in Short Blades
  1838 | D:2      | Reached skill level 1 in Long Blades
  1838 | D:2      | Reached skill level 1 in Axes
  1838 | D:2      | Reached skill level 1 in Maces & Flails
  1838 | D:2      | Reached skill level 1 in Polearms
  1838 | D:2      | Reached skill level 1 in Slings
  1838 | D:2      | Reached skill level 1 in Bows
  1838 | D:2      | Reached skill level 1 in Crossbows
  1838 | D:2      | Reached skill level 1 in Armour
  1838 | D:2      | Reached skill level 1 in Dodging
  1838 | D:2      | Reached skill level 1 in Stealth
  1838 | D:2      | Reached skill level 1 in Shields
  1838 | D:2      | Reached skill level 1 in Unarmed Combat
  1838 | D:2      | Reached XP level 4. HP: 33/38 MP: 11/11
  2351 | D:3      | Reached skill level 1 in Conjurations
  2351 | D:3      | Reached skill level 1 in Hexes
  2351 | D:3      | Reached skill level 1 in Necromancy
  2351 | D:3      | Reached skill level 1 in Translocations
  2351 | D:3      | Reached skill level 1 in Transmutations
  2351 | D:3      | Reached skill level 1 in Fire Magic
  2351 | D:3      | Reached skill level 1 in Ice Magic
  2351 | D:3      | Reached skill level 1 in Air Magic
  2351 | D:3      | Reached skill level 1 in Poison Magic
  2561 | D:3      | Noticed Jessica
  2563 | D:3      | Killed Jessica
  2564 | D:3      | Reached XP level 5. HP: 41/43 MP: 12/12
  2871 | D:3      | Reached ** piety under Zin
  3066 | D:4      | Noticed a hornet
  3070 | D:4      | Paralysed by a hornet for 2 turns
  3080 | D:4      | HP: 2/43 [hornet (3)]
  3081 | D:4      | Slain by a hornet

Illustrated notes

Levels and vault maps discovered:
D:1:      tarquinn_simple_flora_water_a, layout_rooms,
          ebering_ecumenical_altar_hall
D:2:      layout_rooms
D:3:      layout_loops_ring, minmay_goblin_outpost, uniq_jessica
D:4:      layout_loops_ring, minmay_temple_entry_wispy, minmay_strange_pillars,
          hangedman_decor_push, guppyfry_early_lair_pool

Skill      XL: |  1  2  3  4 |
---------------+-------------+-----
Earth Magic    | 2 |  2.3
Spellcasting   | 5 |  5.2
Invocations    | 1 |  1.6
Short Blades   | 1 |  1.4
Long Blades    | 1 |  1.4
Axes           | 1 |  1.4
Maces & Flails | 1 |  1.4
Polearms       | 1 |  1.4
Slings         | 1 |  1.4
Bows           | 1 |  1.4
Crossbows      | 1 |  1.4
Armour         | 1 |  1.4
Dodging        | 1 |  1.4
Stealth        | 1 |  1.4
Shields        | 1 |  1.4
Unarmed Combat | 1 |  1.4
Conjurations   | 1 |  1.1
Hexes          | 1 |  1.1
Necromancy     | 1 |  1.1
Translocations | 1 |  1.1
Transmutations | 1 |  1.1
Fire Magic     | 1 |  1.1
Ice Magic      | 1 |  1.1
Air Magic      | 1 |  1.1
Poison Magic   | 1 |  1.1
Fighting       | |  4.7
Staves         | |  2.9
Throwing       | |  2.9
Summonings     | |  3.9
Evocations     | |  2.9

Action                   |  1- 3 |  4- 6 || total
-------------------------+-------+-------++-------
Melee: Quarterstaff      |    80 |    86 ||   166
       Bite              |     5 |     6 ||    11
Invok: Recite            |     1 |     1 ||     2
       Vitalisation      |       |     1 ||     1
  Use: Scroll            |     3 |     2 ||     5
       Potion            |       |     1 ||     1
Armor: Robe              |     5 |       ||     5
       Scale mail        |    27 |    62 ||    89
Dodge: Dodged            |    44 |    72 ||   116

Table legend: (Time is in decaauts)
 A = Elapsed time spent in this place.
 B = Non-inter-level travel time spent in this place.
 C = Inter-level travel time spent in this place.
 D = Time resting spent in this place.
 E = Time spent auto-exploring this place.
 F = Levels seen in this place.
 G = Mean time per level.
                   A        B        C        D        E       F      G
               +--------+--------+--------+--------+--------+-----+--------+
         Total |   3106 |   3007 |     99 |    527 |   1874 |   4 |  776.5 |
       Dungeon |   3106 |   3007 |     99 |    527 |   1874 |   4 |  776.5 |
               +--------+--------+--------+--------+--------+-----+--------+

Top non-repeatable levels by time:
     D:1: 1282 daAuts
     D:3: 937 daAuts
     D:2: 834 daAuts
     D:4: 53 daAuts
